 Dungeon Crawl Stone Soup version 0.32-a0-39-g5c88369fb2 (webtiles) character file.

Game seed: 4066259712276276221

98 Gargoyl the Trooper (level 4, -5/43 HPs)
             Began as a Gargoyle Berserker on Jan 29, 2024.
             Was a Believer of Trog.
             Killed by divine providence
             ... invoked by an orc priest
              (14 damage)
             ... on level 3 of the Dungeon.
             The game lasted 00:02:37 (1471 turns).

Gargoyl the Trooper (Gargoyle Berserker)            Turns: 1471, Time: 00:02:38

Health: -5/43      AC: 11    Str: 21    XL:     4   Next: 69%
Magic:  4/4        EV: 10    Int:  7    God:    Trog [**....]
Gold:   94         SH:  0    Dex: 11    Spells: 3/3 levels left

rFire   . . .        a - +0 hand axe
rCold   . . .        c - +0 buckler
rNeg    + . .        d - +0 scale mail
rPois   ∞            (no helmet)
rElec   +            (no cloak)
rCorr   .            f - +0 pair of gloves
SInv    .            (no boots)
Will    .....        (no amulet) Stlth
                     (no ring)
HPRegen 0.27/turn    (no ring)
MPRegen 0.09/turn

%: no passive effects
@: confused, berserking (expiring), very quick
A: sickness immunity, AC +3, negative energy resistance 1, electricity
resistance, torment resistance 1, petrification resistance
a: Renounce Religion, Berserk, Trog's Hand


You were on level 3 of the Dungeon.
You worshipped Trog.
Trog was pleased with you.
You visited 1 branch of the dungeon, and saw 3 of its levels.

You collected 94 gold pieces.

Inventory:

Hand Weapons
 a - a +0 hand axe (weapon)
Missiles
 i - 12 poisoned darts (quivered)
Armour
 c - a +0 buckler (worn)
 d - a +0 scale mail (worn)
 f - a +0 pair of gloves (worn)
Scrolls
 e - a scroll of identify
Potions
 b - a potion of curing
 g - a potion of mutation {unknown}
 h - a potion of magic {unknown}


   Skills:
 + Level 3.8 Fighting
 + Level 3.7 Axes
 + Level 3.2 Armour
 + Level 1.9 Dodging
 + Level 0.2 Shields


You had 3 spell levels left.
You didn't know any spells.
Your spell library was empty.

Dungeon Overview and Level Annotations

Branches:
Dungeon (3/15)

Altars:

Shops:
D:2 :


Innate Abilities, Weirdness & Mutations

You are immune to sickness and miasma.
Your stone body is resilient. (AC +3)
You are immune to poison.
You resist negative energy. (rN+)
You are resistant to electric shocks. (rElec)
You are resistant to unholy torment.
You are immune to petrification.


Message History

Pain shoots through your body! The orc closely misses you.
The orc hits you but does no damage.
You hit the orc priest but do no damage.
The orc priest is lightly wounded.
You slash the orc!
You kill the orc!
Trog accepts your kill.
You slash the orc!
You kill the orc!
Trog accepts your kill.
You miss something. You closely miss the orc.
You hear some strange, mumbled words.
You are confused.
The orc priest closely misses you. The orc hits you with a +0 whip.
The orc priest invokes the aid of Beogh against you.
Beogh smites you!
* * * LOW HITPOINT WARNING * * *
Something hits you but does no damage.
You see here a +0 dagger.
You closely miss the orc. You hit the orc priest. You closely miss something.
The orc closely misses you. Something hits you but does no damage.
The orc priest barely misses you. The orc closely misses you.
Unknown command.
You bump into the rock wall.
You feel a strong urge to attack something.
The orc priest hits you but does no damage.
Something hits you.
* * * LOW HITPOINT WARNING * * *
Unknown command.
The orc closely misses you.
You see here a +0 dagger.
You bump into the rock wall.
You feel your anger nearly subside. The orc priest closely misses you.
Something hits you but does no damage. The orc closely misses you.
You closely miss the orc. You slash the orc priest! You barely miss something.
The orc priest calls down the wrath of Beogh upon you.
Beogh smites you!
You die...

##...### ##......#
#.....#.### #.#<..#...#
#.#######.## # #.# #..###
.# . ###.####
##...#####.##.. .......#
#####.).{.......
.......##.$....o@o.....##
..........######...##.##
.......#####.......# #
.......##....#####.#
..........# ...
#.#####..<# ###.
........#. .# ....##### .
....##


You could see an orc priest and an orc.

Vanquished Creatures
  2 adders (D:2)
  A ribbon worm (D:2)
  4 dart slugs (D:1)
  2 orcs (D:3)
  2 bats
  10 endoplasms
  9 hobgoblins
  3 jackals (D:2)
  2 kobolds (D:2)
  3 quokkas
  8 ball pythons
  3 frilled lizards
  7 goblins
  4 rats
60 creatures vanquished.

Notes
Turn   | Place    | Note
-------+----------+-------------------------------------------
     0 | D:1      | Gargoyl the Gargoyle Berserker began the quest for the Orb.
     0 | D:1      | Reached XP level 1. HP: 14/14 MP: 1/1
    66 | D:1      | Reached XP level 2. HP: 19/19 MP: 2/2
   133 | D:1      | Found a faded altar of an unknown god.
   164 | D:1      | Reached XP level 3. HP: 11/24 MP: 3/3
   634 | D:2      | Reached ** piety under Trog
   726 | D:2      | Reached XP level 4. HP: 25/29 MP: 4/4
   931 | D:2      | Found Aseom's Book Shop.
  1471 | D:3      | Killed from afar by an orc priest

Illustrated notes

Levels and vault maps discovered:
D:1:      psy_arrival_basics, layout_rooms, ebering_ecumenical_altar_rust
D:2:      layout_basic, serial_shops, shop_statue,
          nicolae_concentric_dashed_squares_wild, minmay_quadrilaterals
D:3:      layout_rooms, gammafunk_ghost_abyssal_escape

Skill      XL: |  1  2  3  4 |
---------------+-------------+-----
Axes           | 3 |  3.7
Armour         | 3 |  3.2
Fighting       | |  3.8
Dodging        | |  1.9
Shields        | |  0.2

Action                     |  1- 3 |  4- 6 || total
---------------------------+-------+-------++-------
  Melee: Hand axe          |   108 |    63 ||   171
         Punch             |     1 |       ||     1
 Invoke: Berserk           |     2 |     1 ||     3
    Use: Scroll            |     2 |       ||     2
 Armour: Animal skin       |     8 |       ||     8
         Scale mail        |    70 |    52 ||   122
  Dodge: Dodged            |    72 |    57 ||   129
  Block: Buckler           |    17 |     7 ||    24

Table legend: (Time is in decaauts)
 A = Elapsed time spent in this place.
 B = Non-inter-level travel time spent in this place.
 C = Inter-level travel time spent in this place.
 D = Time resting spent in this place.
 E = Time spent auto-exploring this place.
 F = Levels seen in this place.
 G = Mean time per level.
                   A        B        C        D        E       F      G
               +--------+--------+--------+--------+--------+-----+--------+
         Total |   1505 |   1490 |     15 |      0 |    954 |   3 |  501.7 |
       Dungeon |   1505 |   1490 |     15 |      0 |    954 |   3 |  501.7 |
               +--------+--------+--------+--------+--------+-----+--------+

Top non-repeatable levels by time:
     D:2: 829 daAuts
     D:1: 613 daAuts
     D:3: 62 daAuts
